 Dungeon Crawl Stone Soup version 0.29-a0-555-g3b24f45cc1 (webtiles) character file.

Game seed: 329813064145466301

38615 frimble the Gelid (level 14, 0/125 HPs)
             Began as a Meteoran Ice Elementalist on June 8, 2022.
             Was an Elder of Ashenzari.
             Succumbed to poison (poison gas)
             ... on level 3 of the Lair of Beasts.
             The game lasted 00:36:46 (7904 turns).

frimble the Gelid (Meteoran Ice Elementalist)       Turns: 7904, Time: 00:36:46

Health: 0/125      AC: 31    Str: 17    XL:     14   Next: 73%
Magic:  11/29      EV: 13    Int: 21    God:    Ashenzari [****..]
Gold:   806        SH:  0    Dex: 15    Spells: 17/33 levels left

rFire   . . .      SeeInvis +   i - +4 long sword
rCold   . . .      Faith    .   (no shield)
rNeg    . . .      Spirit   .   h - +3 scale mail "Unveiling Disgust" {Will+, Melee, Elem} (curse)
rPois   .          Reflect  .   E - +2 helmet "Pangnostic Henotheism" {Elem, Comp} (curse)
rElec   .          Harm     .   g - +0 cloak "Omission of the Sky" {Evo, Self} (curse)
rCorr   .          Rampage  .   r - +2 pair of gloves "Mantic Regret" {Alch, Range} (curse)
Will    ++...      Clarity  +   q - +2 pair of boots "Eternal Doubts" {Fort, Comp} (curse)
Stlth   ..........              (no amulet)
HPRegen 0.30/turn               B - ring "Seer of the Sky" {Str+6, Elem, Fort} (curse)
MPRegen 0.21/turn               s - ring of the Tortoise {AC+8}

@: lethally poisoned (0 -> -8), glowing, unable to drink
A: sense surroundings 2, otherworldly, glowing, explore regen
a: Renounce Religion, Shatter the Chains


You were on level 3 of the Lair of Beasts.
You worshipped Ashenzari.
Ashenzari was greatly pleased with you.
You visited 4 branches of the dungeon, and saw 20 of its levels.
You also visited: Bailey.

You collected 960 gold pieces.
You spent 154 gold pieces at shops.

Inventory:

Hand Weapons
 i - a +4 long sword (weapon)
Missiles
 l - 4 javelins
 v - 3 throwing nets
 L - 4 curare-tipped darts
Armour
 g - the cursed +0 cloak "Omission of the Sky" (worn) {Evo, Self}
   (You found it on level 1 of the Dungeon)

   It has a curse which improves the following skills: Evocations: Evocations.
   Introspection: Fighting and Spellcasting.
 h - the cursed +3 scale mail "Unveiling Disgust" (worn) {Will+, Melee, Elem}
   (You took it off Frances on level 13 of the Dungeon)

   It has a curse which improves the following skills: Melee Combat: Short
   Blades, Long Blades, Axes, Maces & Flails, Polearms, Staves and Unarmed
   Combat.
   Elements:  Fire Magic, Ice Magic, Air Magic and Earth Magic.
 q - the cursed +2 pair of boots "Eternal Doubts" (worn) {Fort, Comp}
   (You found it on level 4 of the Dungeon)

   It has a curse which improves the following skills: Fortitude: Armour and
   Shields.
   Companions: Summonings and Necromancy.
 r - the cursed +2 pair of gloves "Mantic Regret" (worn) {Alch, Range}
   (You bought it in a shop on level 4 of the Dungeon)

   It has a curse which improves the following skills: Alchemy: Poison Magic and
   Transmutations.
   Ranged Combat: Slings, Bows, Crossbows and Throwing.
 E - the cursed +2 helmet "Pangnostic Henotheism" (worn) {Elem, Comp}
   (You found it on level 7 of the Dungeon)

   It has a curse which improves the following skills: Elements: Fire Magic, Ice
   Magic, Air Magic and Earth Magic.
   Companions: Summonings and Necromancy.
 I - a +1 troll leather armour
Jewellery
 s - the ring of the Tortoise (right hand) {AC+8}
   (You took it off an orc knight on level 10 of the Dungeon)

   [ring of protection]

   AC:        It affects your AC (+8).
 B - the cursed ring "Seer of the Sky" (left hand) {Str+6, Elem, Fort}
   (You found it on level 7 of the Dungeon)

   [ring of strength]

   Str:       It affects your strength (+6).
   It has a curse which improves the following skills: Elements: Fire Magic, Ice
   Magic, Air Magic and Earth Magic.
   Fortitude: Armour and Shields.
 C - a ring of positive energy
 F - a +6 ring of intelligence
 G - a +6 ring of intelligence
 H - the ring of the Black Skies {Fire Fly rPois Dex-4 SInv}
   (You found it on level 12 of the Dungeon)

   [ring of fire]

   It enhances your fire magic.
   Dex:       It affects your dexterity (-4).
   rF:        It protects you from fire.
   rC:        It makes you vulnerable to cold.
   rPois:     It protects you from poison.
   SInv:      It lets you see invisible.
   Fly:       It grants you flight.
 O - a +6 ring of intelligence
Wands
 d - a wand of acid (2)
 w - a wand of flame (53)
 y - a wand of paralysis (9)
 A - a wand of digging (4)
 D - a wand of iceblast (16)
Scrolls
 a - 2 scrolls of teleportation
 m - 11 scrolls of enchant weapon
 n - a scroll of fog
 t - 3 scrolls of amnesia
 J - a scroll of blinking
 M - a scroll of immolation
Potions
 b - 4 potions of magic
 c - 2 potions of flight
 e - 4 potions of resistance
 f - 4 potions of heal wounds
 j - 5 potions of might
 k - a potion of brilliance
 o - 2 potions of cancellation
 p - 12 potions of curing
 u - 3 potions of lignification
 x - 2 potions of attraction
 z - 2 potions of mutation
 K - 3 potions of ambrosia
 N - a potion of haste


   Skills:
 - Level 9.9(11.9) Fighting
 - Level 7.5(10.4) Short Blades
 - Level 6.9(10.4) Long Blades
 - Level 6.3(8.3) Throwing
 + Level 6.7(9.7) Armour
 - Level 7.7 Dodging
 - Level 1.5 Stealth
 - Level 8.4(10.4) Spellcasting
 - Level 5.1 Conjurations
 - Level 5.0(8.7) Fire Magic
 + Level 15.9(19.6) Ice Magic
 - Level 6.4(8.4) Evocations


You had 17 spell levels left.
You knew the following spells:

 Your Spells              Type           Power      Damage    Failure   Level
a - Ozocubu's Refrigerat  Ice            38%        4d12      4%          7
b - Ozocubu's Armour      Ice            76%        N/A       0%          3
c - Frozen Ramparts       Ice            100%       1d12      0%          3
d - Ignite Poison         Fire/Tmut/Pois 23%        N/A       14%         3

Your spell library contained the following spells:

 Spells                   Type           Power      Damage    Failure   Level
 Freeze                   Ice            100%       1d11      0%          1
 Foxfire                  Conj/Fire      100%       2x1d9     1%          1
 Hailstorm                Conj/Ice       58%        3d13      1%          4
 Conjure Flame            Conj/Fire      40%        6-21      3%          3
 Inner Flame              Hex/Fire       29%        N/A       9%          3
 Flame Wave               Conj/Fire      40%        2d9       10%         4
 Poisonous Vapours        Pois/Air       24%        N/A       22%         2
 Call Canine Familiar     Summ           12%        N/A       38%         3
 Portal Projectile        Hex/Tloc       20%        N/A       45%         3
 Tukima's Dance           Hex            10%        N/A       45%         3
 Fulminant Prism          Conj/Hex       10%        3d9       52%         4
 Iskenderun's Mystic Bla  Conj/Tloc      21%        2d6       52%         4
 Corpse Rot               Necr/Pois/Air  12%        N/A       82%         4
 Lee's Rapid Deconstruct  Erth           6%         3d7*      98%         5
 Blade Hands              Tmut           5%         N/A       99%         5
 Summon Forest            Summ/Tloc      5%         N/A       99%         5
 Polar Vortex             Ice            38%        N/A       99%         9
 Eringya's Noxious Bog    Tmut/Pois      5%         N/A       100%        6
 Summon Hydra             Summ           6%         N/A       100%        7


Dungeon Overview and Level Annotations

Branches:
Dungeon (15/15)            Temple (1/1) D:5            Lair (3/6) D:9
    Orc (1/2) D:9          Vaults (0/5) D:13         Bailey (visited)
  Swamp: Lair:2-4    Shoals: Lair:2-4     Snake: Lair:2-4    Spider: Lair:2-4
 Depths: D:15

Altars:
Ashenzari
Cheibriados
Dithmenos
Elyvilon
Fedhas
Gozag
Hepliaklqana
Kikubaaqudgha
Makhleb
Nemelex Xobeh
Okawaru
Qazlal
Ru
Sif Muna
Trog
Uskayaw
Vehumet
Wu Jian
Xom
Yredelemnul
Zin
The Shining One
Beogh

Shops:
D:1 [   D:3 !   D:4 (:([   D:13 *([

Portals:
Ice
Cave: D:15

Annotations:
D:6 3 runed translucent doors, bchevrier's ghost, novice MiMo
D:12 1 runed translucent door, grumblor's ghost, journeyman VSFi
Lair:1 3 runed translucent doors, Ekoynunot's ghost, journeyman DjCj
Lair:3 1 transporter
Orc:1 Erolcha


Innate Abilities, Weirdness & Mutations

You passively map the area around you.
You are easily found by Zot.
You glow in the dark.
You regain HP and MP as you explore.


Message History

Confirm with . or Enter, or press ? or * to list all spells.
The heat is drained from your surroundings.
You feel very cold.
The swamp dragon is frozen.
You kill the swamp dragon!
You are engulfed in poison gas.
You are more poisoned.
You feel very sick.
Really walk into a travel-excluded area?
You are engulfed in poison gas.
You are more poisoned.
You feel extremely sick.
There is an open gate here.
You see here a cane toad corpse.
You are engulfed in poison gas.
You are more poisoned.
You feel extremely sick.
You are engulfed in poison gas.
You are more poisoned.
You feel extremely sick.
Really walk into that cloud of poison gas?
You are engulfed in poison gas.
You are lethally poisoned!
You feel extremely sick.
You feel extremely sick.
You see here a +3 plate armour of willpower.
You cannot drink potions in your current state!
You cannot drink potions in your current state!
* * * LOW HITPOINT WARNING * * *
You feel extremely sick.
* * * LOW HITPOINT WARNING * * *
You feel extremely sick.
* * * LOW HITPOINT WARNING * * *
You feel very sick.
* * * LOW HITPOINT WARNING * * *
You feel very sick.
* * * LOW HITPOINT WARNING * * *
You feel very sick.
* * * LOW HITPOINT WARNING * * *
You feel very sick.
* * * LOW HITPOINT WARNING * * *
You feel very sick.
You die...

†........# ,* ######
.........#,,, #########.####
.##..#..#.,, * #............##
..#....... #######.............#
.....########☼°°○○#..............
#.P..#°°.○○°#.○☼○○#..<...........
##...#.☼°☼○°#○☼○○☼#...........##.
^##..#○.#.#.○○.☼$[#..........###.
....©#.○©...○○○○@©#©.............
.....#°°#.#.○○°○[!#..............
.#P..#.○°☼.○#°○☼☼○#.#.....####...
####.#°°.○○°#○○.°°#.......# *#.##
** ..########○°☼○°###.....# #..#
{{ ..., ,####### P......*#P.* ,
... , ,, , , ,..........., ,....
,, , , **, * * , , ,,,,,,,,* ,, *
, * * ,


There were no monsters in sight!

Vanquished Creatures
  Frances (D:13)
  Josephine (D:13)
  A boulder beetle (D:14)
  3 hydras
  An ogre mage (D:10)
  4 centaur warriors
  3 two-headed ogres
  2 dancing weapons (D:13)
  3 death yaks (D:9)
  A tengu warrior (D:10)
  Sonja (Orc:1)
  2 swamp dragons (Lair:3)
  4 orc knights
  A cyclops (D:14)
  An ugly thing (D:13)
  3 manticores
  3 black mambas
  A black mamba (shapeshifter) (D:10)
  10 cane toads
  Psyche (D:11)
  4 komodo dragons
  A tengu conjurer (D:10)
  3 trolls (D:11)
  6 slime creatures
  Prince Ribbit (D:5)
  7 dream sheep (Lair:2)
  A vampire (D:10)
  A shadow (D:12)
  5 wraiths (D:13)
  A water elemental (D:11)
  4 wyverns
  13 yaks
  Grum (D:10)
  2 basilisks
  A steam dragon (D:9)
  8 vampire mosquitoes
  13 water moccasins
  17 orc warriors
  An ice beast (D:6)
  An ogre (D:5)
  A sky beast (D:8)
  3 black bears
  19 centaurs
  6 wolves
  2 scorpions
  10 bullfrogs
  4 howler monkeys
  A jelly (D:6)
  A gnoll shaman (D:5)
  2 hounds
  5 orc priests
  3 iguanas
  15 orc wizards
  A mummy (D:5)
  9 gnolls
  5 adders
  A river rat (D:9)
  A white imp (D:7)
  2 ufetubi (D:5)
  3 dart slugs
  60 orcs
  5 bats
  5 endoplasms
  2 giant cockroaches
  8 goblins
  2 hobgoblins
  4 kobolds
  5 quokkas
  2 ball pythons (D:3)
  2 hobgoblin zombies (D:5)
  2 orc zombies (D:5)
  5 rats
334 creatures vanquished.

Vanquished Creatures (others)
  9 fungi
  11 plants
20 creatures vanquished.

Grand Total: 354 creatures vanquished

Notes
Turn   | Place    | Note
-------+----------+-------------------------------------------
     0 | D:1      | frimble the Meteoran Ice Elementalist began the quest for
                  | the Orb.
     0 | D:1      | Reached XP level 1. HP: 14/14 MP: 5/5
   271 | D:1      | Reached XP level 2. HP: 16/20 MP: 4/6
   313 | D:1      | Found Xezugow's Armour Shop.
   695 | D:2      | Found a faded altar of an unknown god.
   696 | D:2      | Reached XP level 3. HP: 16/26 MP: 8/8
   714 | D:2      | Reached skill level 1 in Short Blades
   758 | D:2      | Reached skill level 5 in Ice Magic
  1090 | D:3      | Found Viferuta's Distillery.
  1172 | D:3      | Bought 2 potions of might for 96 gold pieces
  1219 | D:3      | Reached XP level 4. HP: 31/33 MP: 9/9
  1284 | D:3      | Learned a level 3 spell: Ozocubu's Armour
  1288 | D:3      | Learned a level 3 spell: Frozen Ramparts
  1378 | D:4      | Found Ummepuhe's Armour Shop.
  1405 | D:4      | Bought a +0 pair of gloves for 58 gold pieces
  1426 | D:3      | Reached XP level 5. HP: 22/38 MP: 10/10
  1445 | D:4      | Found Tougih's Book Emporium.
  1463 | D:4      | Found Kebryen's Weapon Shop.
  1520 | D:4      | Found an iron altar of Okawaru.
  1535 | D:4      | Found a sacrificial altar of Ru.
  1535 | D:4      | Found a bloodstained altar of Trog.
  1644 | D:5      | Entered Level 5 of the Dungeon
  1739 | D:5      | Reached skill level 6 in Ice Magic
  1739 | D:5      | Reached XP level 6. HP: 43/45 MP: 11/11
  1817 | D:5      | Reached XP level 7. HP: 30/50 MP: 4/12
  1869 | D:5      | Found a shimmering altar of Xom.
  1934 | D:5      | Reached skill level 1 in Throwing
  1977 | D:5      | Reached skill level 5 in Short Blades
  1977 | D:5      | Reached skill level 7 in Ice Magic
  2010 | D:5      | Noticed Prince Ribbit
  2020 | D:5      | Killed Prince Ribbit
  2021 | D:5      | Reached XP level 8. HP: 24/57 MP: 7/13
  2104 | D:5      | Found a staircase to the Ecumenical Temple.
  2108 | D:4      | Found Joudueni's Weapon Shop.
  2168 | Temple   | Entered the Ecumenical Temple
  2273 | Temple   | Became a worshipper of Ashenzari the Shackled
  2324 | D:6      | Found a runed translucent gate.
  2324 | D:6      | Found a runed translucent gate.
  2324 | D:6      | Found a runed translucent gate.
  2331 | D:6      | Noticed a two-headed ogre
  2341 | D:6      | Noticed bchevrier's ghost (novice MiMo)
  2485 | D:6      | Reached skill level 8 in Ice Magic
  2630 | D:7      | Gained mutation: You passively map the area around you.
                  | [Meteoran growth]
  2630 | D:7      | Reached XP level 9. HP: 52/62 MP: 14/14
  2656 | D:7      | Reached skill level 5 in Throwing
  3000 | D:8      | Reached skill level 9 in Ice Magic
  3039 | D:8      | Found a flagged portal.
  3059 | Bailey   | Entered a bailey
  3075 | Bailey   | Reached skill level 1 in Fighting
  3075 | Bailey   | Reached skill level 1 in Evocations
  3221 | Bailey   | Reached XP level 10. HP: 57/74 MP: 9/15
  3303 | Bailey   | Noticed an orc knight
  3306 | Bailey   | Reached * piety under Ashenzari
  3316 | Bailey   | Killed an orc knight
  3317 | Bailey   | Reached skill level 10 in Ice Magic
  3424 | Bailey   | Noticed an orc knight
  3424 | Bailey   | Noticed an orc knight
  3454 | Bailey   | Killed an orc knight
  3455 | Bailey   | Reached skill level 5 in Evocations
  3470 | Bailey   | Killed an orc knight
  3471 | Bailey   | Reached skill level 5 in Fighting
  3634 | D:8      | Identified the Incunabulum of Supportive Ice
  3652 | D:8      | Learned a level 7 spell: Ozocubu's Refrigeration
  3844 | D:9      | Noticed a death yak
  3848 | D:9      | Found a staircase to the Lair.
  3848 | D:9      | Noticed a death yak
  3849 | D:9      | Noticed a death yak
  3861 | D:9      | Killed a death yak
  3862 | D:9      | Reached XP level 11. HP: 36/92 MP: 17/19
  3864 | D:9      | Killed a death yak
  3865 | D:9      | Reached skill level 11 in Ice Magic
  3869 | D:9      | Killed a death yak
  3870 | D:9      | Reached skill level 5 in Spellcasting
  3944 | D:9      | Reached ** piety under Ashenzari
  4018 | D:9      | Found an opulent altar of Gozag.
  4250 | D:9      | Found a stormy altar of Qazlal.
  4389 | D:9      | Found a staircase to the Orcish Mines.
  4409 | D:10     | Entered Level 10 of the Dungeon
  4591 | D:10     | Noticed a tengu warrior
  4603 | D:10     | Killed a tengu warrior
  4604 | D:10     | Reached skill level 12 in Ice Magic
  4696 | D:10     | Noticed Grum
  4710 | D:10     | Killed Grum
  4750 | D:10     | Noticed a two-headed ogre
  4763 | D:10     | Killed a two-headed ogre
  4764 | D:10     | Reached XP level 12. HP: 99/106 MP: 20/26
  4817 | D:10     | Noticed an ogre mage
  4833 | D:10     | Killed an ogre mage
  4838 | D:10     | Noticed an orc knight
  4854 | D:10     | Killed an orc knight
  4924 | D:10     | Identified Judasoadd's Disquisition on Cankerous Shape
                  | Shifting
  4932 | D:10     | Learned a level 3 spell: Ignite Poison
  5154 | D:11     | Noticed a centaur warrior
  5254 | D:11     | Reached skill level 1 in Conjurations
  5254 | D:11     | Reached skill level 1 in Fire Magic
  5262 | D:11     | Noticed Psyche
  5270 | D:11     | Killed Psyche
  5288 | D:11     | Reached skill level 13 in Ice Magic
  5400 | D:11     | Killed a centaur warrior
  5554 | D:11     | Reached *** piety under Ashenzari
  5626 | D:12     | Identified the ring of the Black Skies {Fire Fly rPois
                  | Dex-4 SInv}
  5839 | D:12     | Noticed a two-headed ogre
  5852 | D:12     | Killed a two-headed ogre
  5853 | D:12     | Reached XP level 13. HP: 115/119 MP: 23/28
  5865 | D:12     | Found a runed translucent door.
  5866 | D:12     | Noticed grumblor's ghost (journeyman VSFi)
  5890 | D:12     | Reached **** piety under Ashenzari
  5977 | D:13     | Found Kuutikh's Antique Armour Shoppe.
  5987 | D:13     | Noticed a centaur warrior
  5998 | D:13     | Killed a centaur warrior
  6033 | D:13     | Noticed a seven-headed hydra
  6044 | D:13     | Killed a seven-headed hydra
  6108 | D:13     | Noticed Frances
  6156 | D:13     | Found Ehegraton's Weapon Shop.
  6162 | D:13     | Noticed a centaur warrior
  6163 | D:13     | Noticed a centaur warrior
  6172 | D:13     | Killed a centaur warrior
  6173 | D:13     | Reached skill level 5 in Conjurations
  6173 | D:13     | Reached skill level 5 in Fire Magic
  6177 | D:13     | Killed a centaur warrior
  6191 | D:13     | Reached skill level 5 in Dodging
  6264 | D:13     | Found a gate to the Vaults.
  6271 | D:13     | You fall into a shaft and drop 1 floor!
  6297 | D:14     | Reached skill level 14 in Ice Magic
  6322 | D:14     | Noticed a boulder beetle
  6357 | D:14     | Killed a boulder beetle
  6358 | D:14     | Reached skill level 1 in Long Blades
  6358 | D:14     | Identified the +7 great mace "Qecum" {antimagic, Int+5}
  6434 | D:13     | Killed Frances
  6594 | D:13     | Noticed Josephine
  6603 | D:13     | Killed Josephine
  6801 | D:13     | Found Bupunuga's Assorted Antiques.
  6819 | D:14     | Noticed a two-headed ogre
  6825 | D:14     | Killed a two-headed ogre
  6868 | D:15     | Entered Level 15 of the Dungeon
  6868 | D:15     | Found a frozen archway.
  7034 | Orc:1    | Entered Level 1 of the Orcish Mines
  7034 | Orc:1    | Noticed Sonja
  7043 | Orc:1    | Killed Sonja
  7044 | Orc:1    | Reached skill level 5 in Long Blades
  7044 | Orc:1    | Reached XP level 14. HP: 124/124 MP: 28/28
  7068 | Orc:1    | Noticed Erolcha
  7096 | Lair:1   | Entered Level 1 of the Lair of Beasts
  7107 | Lair:1   | Reached skill level 1 in Armour
  7140 | Lair:1   | Found a runed translucent gate.
  7140 | Lair:1   | Found a runed translucent gate.
  7141 | Lair:1   | Found a runed translucent gate.
  7150 | Lair:1   | Noticed Ekoynunot's ghost (journeyman DjCj)
  7563 | Lair:2   | Reached skill level 15 in Ice Magic
  7689 | Lair:3   | Found a transporter.
  7792 | Lair:3   | Reached skill level 5 in Armour
  7869 | Lair:3   | Found a transporter.
  7902 | Lair:3   | HP: 4/125 [poison (poison gas)]
  7903 | Lair:3   | HP: 1/125 [poison (poison gas)]
  7904 | Lair:3   | Succumbed to poison (poison gas)

Illustrated notes

Levels and vault maps discovered:
D:1:      heliophobic_arrival_enchanted_forest, layout_basic, serial_shops,
          nicolae_shop_statue_plus
D:2:      layout_basic, hellmonk_ecumenical_altar_blasted
D:3:      layout_basic, serial_shops, nicolae_shop_waterfront,
          skrybe_limestone_x
D:4:      layout_basic, okawaru_trees_2, gammafunk_temple_overflow_statue,
          serial_shops, nicolae_shop_bloodbath_and_beyond,
          nicolae_inconvenience_store, nicolae_shop_hallway_stairs, shop,
          nicolae_shop_behind_doors
D:5:      layout_rooms, mainiacjoe_overflow_24_doors, minmay_temple_entry_trees,
          serial_park_tiny_1, minmay_mini_ossuary, uniq_prince_ribbit1
D:6:      layout_cave_pools, gammafunk_ghost_split
D:7:      layout_basic
D:8:      layout_gridville, enter_bailey_6
D:9:      layout_loops_corners, nicolae_qazlal_eye_of_the_storm,
          amcnicky_altar_gilded, dpeg_lair_monsters, david_orc_5,
          kennysheep_donut, hangedman_decor_diamond_cutter
D:10:     minmay_blocky_corners, layout_basic, chequers_serial_rivers_micro_c,
          minmay_fractal_squares_gapless_5, uniq_grum
D:11:     layout_irregular_city, minmay_misc_feat_ornament, serial_bayou_pond_b,
          uniq_psyche
D:12:     layout_roguey, hellmonk_ghost_big_iron
D:13:     layout_loops_corners, erik_vaults_1, serial_shops, shop,
          nicolae_take_the_stairs, shop, uniq_frances, uniq_josephine
D:14:     minmay_octo_star, layout_loops_ring, dk_noncrumbling_3,
          minmay_misc_feat_hallway
D:15:     gammafunk_depths_entry_grave, layout_loops_ring,
          gammafunk_ghost_fury_of_okawaru, portal_ice_cave_entry_ice_simulacra,
          minivault_14, serial_shops, shop
Temple:   eino_temple_rhombus
Lair:1:   wad_woods_structure_01, layout_concentric_octagons,
          gammafunk_ghost_necromancy, uniq_urug
Lair:2:   layout_small_grid, minmay_shoals_entry_centaurs, beast_lair_carwin_5,
          uniq_amaemon
Lair:3:   gammafunk_cloud_chamber, layout_gridlike, hellmonk_guarded_unrand_zhor
Orc:1:    layout_caves, serial_shops, nicolae_shop_hallway_stairs,
          david_defended_altar_orc, uniq_erolcha, uniq_sonja

Skill      XL: |  1  2  3  4  5  6  7  8  9 10 11 12 13 14 |
---------------+-------------------------------------------+-----
Short Blades   | 1 2 3 4 5 6 7 |  7.5
Ice Magic      | 5 6 7 8 9 10 12 13 14 15 | 15.9
Throwing       | 3 4 6 |  6.3
Fighting       | 2 5 8 9 |  9.9
Evocations     | 2 6 |  6.4
Spellcasting   | 3 7 8 |  8.4
Conjurations   | 3 5 |  5.1
Fire Magic     | 3 5 |  5.0
Dodging        | 7 |  7.7
Long Blades    | 5 6 |  6.9
Armour         | 6 |  6.7
Stealth        | |  1.5

Action                   |  1- 3 |  4- 6 |  7- 9 | 10-12 | 13-15 || total
-------------------------+-------+-------+-------+-------+-------++-------
Melee: Unarmed           |    13 |       |       |       |       ||    13
       Short sword       |    42 |    74 |   218 |   322 |    56 ||   712
       Punch             |     2 |     1 |     5 |     3 |     7 ||    18
       Long sword        |       |       |       |       |   254 ||   254
 Cast: Freeze            |    12 |       |       |       |       ||    12
       Frozen Ramparts   |       |     6 |    11 |    25 |    19 ||    61
       Ozocubu's Armour  |       |     4 |    11 |    24 |    17 ||    56
       Ozocubu's Refrige |       |       |       |       |    24 ||    24
       Ignite Poison     |       |       |       |       |     1 ||     1
Invok: Curse Item        |       |       |     1 |     4 |     3 ||     8
       Shatter the Chain |       |       |       |       |     2 ||     2
Evoke: Wand              |       |       |       |    35 |     7 ||    42
  Use: Scroll            |     4 |       |     7 |     7 |     2 ||    20
       Potion            |       |       |       |     4 |     2 ||     6
 Stab: Distracted        |       |       |     1 |       |     1 ||     2
       Paralysed         |       |       |       |     4 |    16 ||    20
Armor: Robe              |    21 |    23 |    76 |   199 |    77 ||   396
       Scale mail        |       |       |       |       |   147 ||   147
Dodge: Dodged            |    29 |    37 |    98 |   160 |   194 ||   518

Table legend: (Time is in decaauts)
 A = Elapsed time spent in this place.
 B = Non-inter-level travel time spent in this place.
 C = Inter-level travel time spent in this place.
 D = Time resting spent in this place.
 E = Time spent auto-exploring this place.
 F = Levels seen in this place.
 G = Mean time per level.
                   A        B        C        D        E       F      G
               +--------+--------+--------+--------+--------+-----+--------+
         Total |   7756 |   7078 |    678 |    243 |   4207 |  21 |  369.3 |
       Dungeon |   6361 |   5763 |    598 |     85 |   3685 |  15 |  424.1 |
        Temple |    121 |     98 |     23 |      0 |     88 |   1 |  121.0 |
          Lair |    795 |    739 |     56 |      0 |    410 |   3 |  265.0 |
  Orcish Mines |     41 |     41 |      0 |      0 |     20 |   1 |   41.0 |
        Bailey |    436 |    436 |      0 |    158 |      4 |   1 |  436.0 |
               +--------+--------+--------+--------+--------+-----+--------+

Top non-repeatable levels by time:
    D:10: 810 daAuts
    D:13: 728 daAuts
     D:9: 617 daAuts
     D:1: 559 daAuts
     D:2: 531 daAuts
     D:5: 500 daAuts
  Lair:1: 451 daAuts
  Bailey: 436 daAuts
    D:12: 409 daAuts
    D:11: 401 daAuts
     D:8: 351 daAuts
     D:7: 331 daAuts
     D:6: 314 daAuts
     D:4: 303 daAuts
     D:3: 289 daAuts
